 Dungeon Crawl Stone Soup version 0.30.0-15-g856e2d3f33 (webtiles) character file.

Game seed: 9619674781503083890

34 qw the Chopper (level 3, -8/23 HPs)
             Began as a Gargoyle Fighter on May 20, 2023.
             Mangled by Sigmund
             ... wielding a +1 scythe of distortion
              (11 damage)
             ... on level 2 of the Dungeon.
             The game lasted 00:00:32 (834 turns).

qw the Chopper (Gargoyle Fighter)                    Turns: 834, Time: 00:00:32

Health: -8/23      AC: 14    Str: 21    XL:     3   Next: 31%
Magic:  3/3        EV: 10    Int:  8    God:
Gold:   113        SH:  4    Dex:  9    Spells: 2/2 levels left

rFire   . . .        Y - +0 war axe
rCold   + . .        c - +0 buckler
rNeg    + . .        f - +2 ring mail {rC+}
rPois   inf          l - +2 helmet
rElec   +            (no cloak)
rCorr   .            (no gloves)
SInv    .            (no boots)
Will    .....        (no amulet) Stlth
                     (no ring)
HPRegen 0.23/turn    (no ring)
MPRegen 0.08/turn

%: no passive effects
@: no status effects
A: sickness immunity, AC +3, negative energy resistance 1, electricity
resistance, torment resistance 1, petrification resistance
a: no special abilities


You were on level 2 of the Dungeon.
You visited 1 branch of the dungeon, and saw 2 of its levels.

You collected 113 gold pieces.


Innate Abilities, Weirdness & Mutations

You are immune to sickness and miasma.
Your stone body is resilient. (AC +3)
You are immune to poison.
You resist negative energy. (rN+)
You are resistant to electric shocks. (rElec)
You are resistant to unholy torment.
You are immune to petrification.


   Skills:
 - Level 3.2 Fighting
 + Level 3.3 Axes
 - Level 3.2 Armour
 - Level 3.2 Shields


You had 2 spell levels left.
You didn't know any spells.
Your spell library was empty.

Inventory:

Hand Weapons
 k - a +0 club
 Y - a +0 war axe (weapon)
Armour
 c - a +0 buckler (worn)
 f - a +2 ring mail of cold resistance (worn)
 l - a +2 helmet (worn)
Potions
 d - a potion of might
 e - a potion of lignification {unknown}

Dungeon Overview and Level Annotations

Branches:
Dungeon (2/15)

Altars:

Annotations:
D:2 Sigmund


Message History

You see here a bat corpse.
A rat comes into view.
Found an escape hatch in the floor.
The rat moves out of view.
You slash the rat!
You kill the rat!
A frilled lizard comes into view.
The frilled lizard moves out of view.
Found a robe and 11 gold pieces.
You miss the frilled lizard.
The frilled lizard barely misses you. x2
You closely miss the frilled lizard. The frilled lizard barely misses you.
You closely miss the frilled lizard. You block the frilled lizard's attack.
You slash the frilled lizard!
You kill the frilled lizard!
Sigmund the Dreaded comes into view.
He is wielding a +1 scythe of distortion.
Found an amethyst potion.
Sigmund shouts!
An endoplasm comes into view.
824 ||| Stepping ~*~*~tactically~*~*~ (hiding).
You start waiting.
Sigmund is nearby!
826 ||| Stepping ~*~*~tactically~*~*~ (hiding).
827 ||| Stepping ~*~*~tactically~*~*~ (hiding).
828 ||| Stepping ~*~*~tactically~*~*~ (hiding).
Sigmund hits you from afar with a +1 scythe of distortion!
Space warps around you.
The endoplasm quivers.
You slash Sigmund!
Sigmund is moderately wounded.
You block Sigmund's attack.
You hit Sigmund.
Sigmund is heavily wounded.
Sigmund hits you but does no damage. Space warps horribly around you!
You barely miss Sigmund.
Sigmund is heavily wounded.
The endoplasm jiggles.
Sigmund hits you but does no damage. Space warps horribly around you!
You die...

#%#...#.###.# .. .
#........##<#####.#
#........##.).....#
##.....#.##########
#.#...#.#
#######.##..#.###
............%...#
######........#>#
#...J.@..###
#.#.#.#@.#
#..###...# #.#
#....# #. ....#.# #
#.##$#[# #. ....# #
.@ .# !.J .#


You could see Sigmund and an endoplasm.

Vanquished Creatures
  4 endoplasms (D:1)
  7 giant cockroaches (D:1)
  5 goblins
  4 ball pythons (D:1)
  5 bats
  2 frilled lizards
  3 rats
30 creatures vanquished.

Notes
Turn   | Place    | Note
-------+----------+-------------------------------------------
     0 | D:1      | qw the Gargoyle Fighter began the quest for the Orb.
     0 | D:1      | Reached XP level 1. HP: 14/14 MP: 1/1
     0 | D:1      | 0 ||| qw: Version: 0.2-a-97-g6b18286
     0 | D:1      | 0 ||| qw: Game counter: 16
     0 | D:1      | 0 ||| qw: Always use a shield: true
     0 | D:1      | 0 ||| qw: God list: Okawaru
     0 | D:1      | 0 ||| qw: Allow faded altars: false
     0 | D:1      | 0 ||| qw: Do Orc after D:15 true
     0 | D:1      | 0 ||| qw: Do second Lair branch before Depths: true
     0 | D:1      | 0 ||| qw: Lair rune preference: random
     0 | D:1      | 0 ||| qw: Plans: Normal, Zot:1-4, God:TSO, Crypt, Tomb,
                  | Pan, Slime:5, Hells, Abyss, Win
     0 | D:1      | 0 ||| PLANNING D:1-11
    76 | D:1      | 76 ||| Stepping ~*~*~tactically~*~*~ (stealth).
   106 | D:1      | 106 ||| Stepping ~*~*~tactically~*~*~ (stealth).
   109 | D:1      | Reached XP level 2. HP: 19/19 MP: 2/2
   116 | D:1      | 116 ||| Stepping ~*~*~tactically~*~*~ (stealth).
   254 | D:1      | Reached skill level 3 in Axes
   277 | D:1      | Reached XP level 3. HP: 23/23 MP: 3/3
   714 | D:1      | 714 ||| UPGRADING to +2 ring mail of cold resistance.
   724 | D:1      | 724 ||| DROPPING +0 scale mail.
   725 | D:1      | 725 ||| UPGRADING to +2 helmet.
   730 | D:1      | 730 ||| READING scroll labelled ROIHAXUGRI.
   731 | D:1      | 731 ||| READING scroll labelled OMOEMI DIUCKEQ.
   735 | D:1      | 735 ||| READING scroll labelled LOQ QUQIUPAIC.
   750 | D:1      | 750 ||| READING scroll labelled CAOTUC MOPHYVOGRE.
   823 | D:2      | Noticed Sigmund
   824 | D:2      | 824 ||| Stepping ~*~*~tactically~*~*~ (hiding).
   826 | D:2      | 826 ||| Stepping ~*~*~tactically~*~*~ (hiding).
   827 | D:2      | 827 ||| Stepping ~*~*~tactically~*~*~ (hiding).
   828 | D:2      | 828 ||| Stepping ~*~*~tactically~*~*~ (hiding).
   833 | D:2      | HP: 3/23 [Sigmund/+1 scythe of distortion (8)]
   834 | D:2      | Mangled by Sigmund

Levels and vault maps discovered:
D:1:      minmay_arrival_open_corners, layout_loops_ring, st_stairs_13,
          serial_bayou_pond_d, minmay_worlds_worst_comb
D:2:      layout_loops_cross, chequers_big_river, uniq_sigmund

Skill      XL: |  1  2 |
---------------+-------+-----
Axes           | 2 3 |  3.3
Fighting       | |  3.2
Armour         | |  3.2
Shields        | |  3.2

Action                     || total
---------------------------++-------
  Melee: War axe           ||    93
    Use: Scroll            ||     4
 Armour: Scale mail        ||    35
         Ring mail         ||     5
  Dodge: Dodged            ||    38
  Block: Buckler           ||    22

Table legend:
 A = Non-vault XP
 B = Vault XP
 C = Vault XP percentage of total XP
 D = Non-vault monster count
 E = Vault monster count
 F = Vault count percentage of total count
                 A         B        C        D         E       F
            +---------+---------+-------+---------+---------+-------
      Total |      36 |      13 |  26.5 |      23 |       7 |  23.3
            +---------+---------+-------+---------+---------+-------
        D:1 |      30 |      13 |  30.2 |      18 |       7 |  28.0
        D:2 |       6 |       0 |   0.0 |       5 |       0 |   0.0
            +---------+---------+-------+---------+---------+-------
